 Dungeon Crawl Stone Soup version 0.28-a0-312-gbced6e68ee (webtiles) character file.

Game seed: 8780937023765839562

76 Dirtsage the Insei (level 4, -2/28 HPs)
             Began as an Octopode Transmuter on Aug 30, 2021.
             Was an Initiate of Cheibriados.
             Slain by a scorpion (8 damage)
             ... on level 3 of the Dungeon.
             The game lasted 00:10:33 (2401 turns).

Dirtsage the Insei (Octopode Transmuter)            Turns: 2401, Time: 00:10:34

Health: -2/28      AC:  1    Str: 11    XL:     4   Next: 32%
Magic:  6/7        EV: 13    Int: 16    God:    Cheibriados [......]
Gold:   141        SH:  0    Dex: 13    Spells: 0/7 levels left

rFire   . . .      SeeInvis .     - Unarmed
rCold   . . .      Faith    .   (no shield)
rNeg    . . .      Spirit   .   (helmet restricted)
rPois   .          Reflect  .   (no amulet)
rElec   .          Harm     .   (no ring)
rCorr   .          Rampage  .   (no ring)
Will    .....                   (no ring)
Stlth   ++........              (no ring)
HPRegen 0.09/turn               (no ring)
MPRegen 0.10/turn               (no ring)
                                (no ring)
                                (no ring)

@: lethally poisoned (-2 -> -20), wereblooded, flying, slowed, very slow
A: almost no armour, amphibious, 8 rings, camouflage 1, gelatinous body 1,
(nimble swimmer 1), tentacles
a: Renounce Religion, Bend Time


You were on level 3 of the Dungeon.
You worshipped Cheibriados.
Cheibriados was noncommittal.
You visited 1 branch of the dungeon, and saw 3 of its levels.

You collected 141 gold pieces.


Innate Abilities, Weirdness & Mutations

You cannot wear most types of armour.
You are amphibious.
You can wear up to eight rings at the same time.
Your skin changes colour to match your surroundings (Stealth+).
Your rubbery body absorbs attacks. (AC +1, EV +1)
((You are camouflaged near water. (Stealth+)))
You have tentacles for arms and can constrict up to eight enemies at once.


   Skills:
 + Level 1.1 Fighting
 - Level 2.0 Dodging
 - Level 4.0 Unarmed Combat
 - Level 2.0 Spellcasting
 * Level 3.4 Transmutations
 + Level 0.1 Ice Magic


You couldn't memorise any spells.
You knew the following spells:

 Your Spells              Type           Power      Damage    Failure   Level
b - Beastly Appendage     Tmut           24%        N/A       4%          1
c - Ice Form              Ice/Tmut       7%         N/A       69%         4
w - Wereblood             Tmut           12%        N/A       8%          2

Your spell library contained the following spells:

 Spells                   Type           Power      Damage    Failure   Level
 Foxfire                  Conj/Fire      4%         2x1d4     21%         1
 Slow                     Hex            1%         N/A       30%         2
 Spider Form              Tmut/Pois      3%         N/A       30%         3
 Confusing Touch          Hex            1%         N/A       52%         3
 Conjure Flame            Conj/Fire      1%         6-21      52%         3
 Inner Flame              Hex/Fire       1%         N/A       52%         3
 Ozocubu's Armour         Ice            2%         N/A       52%         3
 Yara's Violent Unravell  Hex/Tmut       3%         3d4       96%         5
 Metabolic Englaciation   Hex/Ice        0%         N/A       99%         5
 Simulacrum               Ice/Necr       0%         N/A       100%        6

Inventory:

Missiles
 c - 17 stones
Scrolls
 f - 4 scrolls of identify {@r1}
Potions
 a - a potion of berserk rage {unknown}
 b - a potion of might {unknown}
 d - a potion of brilliance
 e - a potion of flight

Dungeon Overview and Level Annotations

Branches:
Dungeon (3/15)

Altars:
Cheibriados
Kikubaaqudgha
Sif Muna

Annotations:
D:3 Natasha

####.# #.#...... #....#
#.#...... #....#
#.#......
#...5#####.#...... #
####..........#......
#.#.......#######......
#.#...§...#######.##+##
.#.........#.......##.##
.......@................
.###..hs5..#.###########
.'......................
.###.......#.##########.
##...5▓▓▓▓▓▓▓ #.
#.....▓..⚑..▓#########
#.....▓.....▓........#
#....)▓.....▓.....##.#
.........▓...†.▓.....##.#


You could see a scorpion, Natasha and 3 crimson imps.


Message History

You howl as the wereblood boils in your veins!
A scorpion comes into view.
Unknown command.
You howl as the wereblood boils in your veins!
Natasha stares at you and mumbles some strange words.
You feel yourself slow down.
Natasha extends her claws.
Natasha mumbles some strange words.
You howl as the wereblood boils in your veins!
Natasha casts a spell.
You howl as the wereblood boils in your veins!
Natasha casts a spell.
The crimson imp blinks!
The crimson imp puffs mist at you. The scorpion stings you.
You are poisoned.
The scorpion poisons you!
The crimson imp blinks!
The crimson imp shouts, "Scamper hence, thou venomed beef-witted dandiprat!"
There is an escape hatch in the ceiling here.
It was a potion of flight.
You feel very buoyant.
You fly up into the air.
You feel very sick. The scorpion stings you.
* * * LOW HITPOINT WARNING * * *
You are lethally poisoned!
The scorpion poisons you! Natasha claws you!
* * * LOW HITPOINT WARNING * * *
The scorpion stings you!
You die...

Skill      XL: |  1  2  3 |
---------------+----------+-----
Transmutations | 3 |  3.4
Unarmed Combat | 4 |  4.0
Fighting       | |  1.1
Dodging        | |  2.0
Spellcasting   | |  2.0
Ice Magic      | |  0.1

Action                   |  1- 3 |  4- 6 || total
-------------------------+-------+-------++-------
Melee: Unarmed           |   100 |    14 ||   114
       Constrict         |    25 |     4 ||    29
       Tentacles         |    14 |     2 ||    16
       Kick              |     3 |       ||     3
 Cast: Beastly Appendage |     3 |     1 ||     4
       Wereblood         |     6 |     1 ||     7
  Use: Scroll            |     5 |       ||     5
       Potion            |       |     1 ||     1
 Stab: Sleeping          |     6 |       ||     6
Armor: Skin              |     2 |     1 ||     3
Dodge: Dodged            |    49 |     4 ||    53

Levels and vault maps discovered:
D:1:      roderic_octagonal_star, layout_rooms,
          shapermc_ecumenical_altar_notcrosses, minmay_crystal_room,
          amcnicky_mini_rare_corridor_liquid
D:2:      cheibrodos_greedy_goblins, layout_basic, basic_altar,
          minmay_misc_feat_chi, minmay_tromino_v2
D:3:      layout_basic, slow_altar_2, mainiacjoe_overflow_alcove_4, uniq_natasha

Notes
Turn   | Place    | Note
-------+----------+-------------------------------------------
     0 | D:1      | Dirtsage the Octopode Transmuter began the quest for the
                  | Orb.
     0 | D:1      | Reached XP level 1. HP: 13/13 MP: 3/3
   180 | D:1      | Reached XP level 2. HP: 15/18 MP: 5/5
   183 | D:1      | Learned a level 2 spell: Wereblood
   397 | D:1      | Found a faded altar of an unknown god.
   500 | D:1      | Reached XP level 3. HP: 15/23 MP: 6/6
  1169 | D:2      | Reached skill level 3 in Transmutations
  1322 | D:2      | Found a shimmering blue altar of Sif Muna.
  1695 | D:2      | Reached skill level 4 in Unarmed Combat
  1695 | D:2      | Reached XP level 4. HP: 19/28 MP: 7/7
  1701 | D:2      | Learned a level 4 spell: Ice Form
  2225 | D:3      | Found an ancient bone altar of Kikubaaqudgha.
  2320 | D:3      | Found a snail-covered altar of Cheibriados.
  2334 | D:3      | Became a worshipper of Cheibriados the Contemplative
  2390 | D:3      | Noticed Natasha
  2393 | D:3      | Noticed a scorpion
  2401 | D:3      | Slain by a scorpion

Vanquished Creatures
  An adder (D:2)
  A worm (D:3)
  A dart slug (D:1)
  2 ball pythons (D:1)
  3 endoplasms (D:1)
  A giant cockroach (D:1)
  17 goblins
  8 hobgoblins
  2 quokkas
  3 bats
  4 frilled lizards
  8 kobolds
  4 rats (D:1)
55 creatures vanquished.

Table legend: (Time is in decaauts)
 A = Elapsed time spent in this place.
 B = Non-inter-level travel time spent in this place.
 C = Inter-level travel time spent in this place.
 D = Time resting spent in this place.
 E = Time spent auto-exploring this place.
 F = Levels seen in this place.
 G = Mean time per level.
                   A        B        C        D        E       F      G
               +--------+--------+--------+--------+--------+-----+--------+
         Total |   2413 |   2368 |     45 |      0 |   1967 |   3 |  804.3 |
       Dungeon |   2413 |   2368 |     45 |      0 |   1967 |   3 |  804.3 |
               +--------+--------+--------+--------+--------+-----+--------+

Top non-repeatable levels by time:
     D:2: 1077 daAuts
     D:1: 917 daAuts
     D:3: 418 daAuts

Table legend:
 A = Non-vault XP
 B = Vault XP
 C = Vault XP percentage of total XP
 D = Non-vault monster count
 E = Vault monster count
 F = Vault count percentage of total count
                 A         B        C        D         E       F
            +---------+---------+-------+---------+---------+-------
      Total |      72 |      37 |  33.9 |      43 |      12 |  21.8
            +---------+---------+-------+---------+---------+-------
        D:1 |      48 |       0 |   0.0 |      29 |       0 |   0.0
        D:2 |      15 |      32 |  68.1 |       9 |      11 |  55.0
        D:3 |       9 |       5 |  35.7 |       5 |       1 |  16.7
            +---------+---------+-------+---------+---------+-------
